| TOP OF THE 1ST |
|
Tennessee Smokies batting - Pitching for San Antonio Missions : RHP Chris Wood
|
|
Pitching: RHP Chris Wood
|
|
|
Batting: LHB Nate Greening
|
0-0: Called Strike 0-1: Ball 1-1: Foul Ball, location: 2F 1-2: Ground out 4-3 (Groundball, 34D, EV 101.9 MPH)
|
|
Batting: RHB Du Kim
|
0-0: Ball 1-0: Foul Ball, location: 2F 1-1: Foul Ball, location: 2F 1-2: Strikes out swinging
|
|
Batting: LHB Daigo Ishii
|
0-0: Called Strike 0-1: Foul Ball, location: 2F 0-2: Ball 1-2: Ball 2-2: Foul Ball, location: 2F 2-2: Strikes out swinging
|
| Top of the 1st over - 0 runs, 0 hits, 0 errors, 0 left on base; Tennessee 0 - San Antonio 0 |
| BOTTOM OF THE 1ST |
|
San Antonio Missions batting - Pitching for Tennessee Smokies : RHP Roberto Cruz
|
|
Pitching: RHP Roberto Cruz
|
|
|
Batting: LHB Pat Aviles
|
0-0: Ball 1-0: Called Strike 1-1: Fly out, F7 (Flyball, 78S, EV 96.2 MPH)
|
|
Batting: RHB Kory Sanchez
|
0-0: Ball 1-0: Ball 2-0: SINGLE (Line Drive, 56D, EV 98.1 MPH)
|
|
Batting: RHB Jesse White
|
0-0: SINGLE (Groundball, 6MD, EV 96.9 MPH) Kory Sanchez to second
|
|
Batting: RHB Chase Briney
|
0-0: Ball 1-0: Ball 2-0: Ball 3-0: Base on Balls Kory Sanchez to third Jesse White to second
|
|
Batting: RHB Caleb Russell
|
0-0: Fly out, F8 (Flyball, 8RD, EV 100.0 MPH) Runner from 3rd tags up, SCORES, throw by CF Jesse White to third
|
|
Batting: SHB Isaiah Scates
|
0-0: Swinging Strike 0-1: Ball 1-1: Ball 2-1: Swinging Strike 2-2: Ball 3-2: Base on Balls Chase Briney to second
|
|
Pitching: RHP Bogdan Sdobnyakov
|
|
|
Batting: RHB Mike MacLeod
|
0-0: Ball 1-0: Ball 2-0: Ball 3-0: Called Strike 3-1: Foul Ball, location: 2F 3-2: Strikes out swinging
|
| Bottom of the 1st over - 1 run, 2 hits, 0 errors, 3 left on base; Tennessee 0 - San Antonio 1 |
| TOP OF THE 2ND |
|
Tennessee Smokies batting - Pitching for San Antonio Missions : RHP Chris Wood
|
|
Batting: RHB Ricky Ramirez
|
0-0: Ball 1-0: Ball 2-0: Foul Ball, location: 2F 2-1: Ball 3-1: SINGLE (Groundball, 4MD, EV 96.9 MPH)
|
|
Batting: RHB Juan Bonilla
|
0-0: Grounds into double play, 1-4-3 (Groundball, 15S, EV 62.5 MPH)
|
|
Batting: RHB Armando Vilano
|
0-0: Ground out 5-3 (Groundball, 56S, EV 87.5 MPH)
|
| Top of the 2nd over - 0 runs, 1 hit, 0 errors, 0 left on base; Tennessee 0 - San Antonio 1 |
| BOTTOM OF THE 2ND |
|
San Antonio Missions batting - Pitching for Tennessee Smokies : RHP Bogdan Sdobnyakov
|
|
Batting: RHB Eric Erickson
|
0-0: Ball 1-0: Foul Ball, location: 2F 1-1: Swinging Strike 1-2: Ball 2-2: Ball 3-2: Base on Balls
|
|
Batting: RHB Marcus Dawson
|
0-0: Called Strike Eric Erickson steals 2nd base 0-1: Ball 1-1: Ball 2-1: Ground out 6-3 (Groundball, 4MS, EV 83.8 MPH) Eric Erickson to third
|
|
Batting: LHB Pat Aviles
|
0-0: Ball 1-0: SINGLE (Line Drive, 34D, EV 105.6 MPH) Eric Erickson scores
|
|
Pitching: RHP Anastagio Fasola
|
|
|
Batting: RHB Kory Sanchez
|
0-0: Ball 1-0: Called Strike Pat Aviles steals 2nd base 1-1: Ball 2-1: Ground out 6-3 (Groundball, 6M, EV 110.0 MPH) Pat Aviles to third
|
|
Batting: RHB Jesse White
|
0-0: 2-RUN HOME RUN (Flyball, 78XD, EV 105.0 MPH), Distance : 419 ft
|
|
Batting: RHB Chase Briney
|
0-0: Called Strike 0-1: Ball 1-1: Ball 2-1: Ball 3-1: Base on Balls
|
|
Batting: RHB Caleb Russell
|
0-0: DOUBLE (Line Drive, 9LM, EV 104.4 MPH) Chase Briney to third Runner from 3rd tries for Home, SAFE, no throw by RF
|
|
Batting: SHB Isaiah Scates
|
0-0: Foul Ball, location: 2F 0-1: Ball 1-1: Swinging Strike 1-2: Ball 2-2: Ground out 6-3 (Groundball, 6, EV 90.6 MPH)
|
| Bottom of the 2nd over - 4 runs, 3 hits, 0 errors, 1 left on base; Tennessee 0 - San Antonio 5 |
| TOP OF THE 3RD |
|
Tennessee Smokies batting - Pitching for San Antonio Missions : RHP Chris Wood
|
|
Batting: RHB Taylor Garofalo
|
0-0: Ground out 5-3 (Groundball, 5, EV 96.9 MPH)
|
|
Batting: RHB Roy Battist
|
0-0: Ball 1-0: Ball 2-0: Called Strike 2-1: Ground out 4-3 (Groundball, 4, EV 99.4 MPH)
|
|
Batting: RHB Denis Rachin
|
0-0: Ground out 4-3 (Groundball, 6M, EV 88.8 MPH)
|
| Top of the 3rd over - 0 runs, 0 hits, 0 errors, 0 left on base; Tennessee 0 - San Antonio 5 |
| BOTTOM OF THE 3RD |
|
San Antonio Missions batting - Pitching for Tennessee Smokies : RHP Anastagio Fasola
|
|
Batting: RHB Mike MacLeod
|
0-0: Foul Ball, location: 2F 0-1: Ball 1-1: Foul Ball, location: 2F 1-2: Ball 2-2: DOUBLE (Flyball, 89D, EV 91.9 MPH)
|
|
Pitching: LHP Ricardo Saucedo
|
|
|
Batting: RHB Eric Erickson
|
0-0: Ball 1-0: Ball 2-0: Ball 3-0: Base on Balls
|
|
Batting: RHB Marcus Dawson
|
0-0: Called Strike 0-1: Called Strike 0-2: Strikes out looking
|
|
Batting: LHB Pat Aviles
|
0-0: Ball 1-0: Ball 2-0: SINGLE (Groundball, 56S, EV 69.4 MPH) (infield hit) Mike MacLeod to third Eric Erickson to second
|
|
Batting: RHB Kory Sanchez
|
0-0: Foul Ball, location: 2F 0-1: Fly out, F9 (Flyball, 89M, EV 91.9 MPH) Runner from 3rd tags up, SCORES, throw by RF
|
|
Batting: RHB Jesse White
|
0-0: Called Strike 0-1: Called Strike 0-2: Ball 1-2: Foul Ball, location: 2F 1-2: Ball 2-2: Fly out, F6 (Popup, 56D, EV 54.4 MPH)
|
| Bottom of the 3rd over - 1 run, 2 hits, 0 errors, 2 left on base; Tennessee 0 - San Antonio 6 |
| TOP OF THE 4TH |
|
Tennessee Smokies batting - Pitching for San Antonio Missions : RHP Chris Wood
|
|
Batting: LHB Nate Greening
|
0-0: Ball 1-0: Ball 2-0: Called Strike 2-1: Foul Ball, location: 2F 2-2: Strikes out swinging
|
|
Batting: RHB Du Kim
|
0-0: Ball 1-0: Ball 2-0: Foul Ball, location: 2F 2-1: Ball 3-1: Base on Balls
|
|
Batting: LHB Daigo Ishii
|
0-0: Ball 1-0: Ball Du Kim is caught stealing 2nd base 2-6 2-0: Ball 3-0: Base on Balls
|
|
Batting: RHB Ricky Ramirez
|
0-0: Called Strike 0-1: Ball 1-1: Called Strike 1-2: Foul Ball, location: 2F 1-2: Ball 2-2: Hit by Pitch Daigo Ishii to second
|
|
Batting: RHB Juan Bonilla
|
0-0: SINGLE (Groundball, 4MD, EV 100.0 MPH) Daigo Ishii to third Ricky Ramirez to second Runner from 3rd tries for Home, SAFE, throw by CF to trailing runner, SAFE at third!
|
|
Batting: RHB Armando Vilano
|
0-0: Foul Ball, location: 2F 0-1: Ball 1-1: Ball 2-1: Fielders Choice at 2nd, 5-4 (Groundball, 5L, EV 90.0 MPH)
|
| Top of the 4th over - 1 run, 1 hit, 0 errors, 2 left on base; Tennessee 1 - San Antonio 6 |
| BOTTOM OF THE 4TH |
|
San Antonio Missions batting - Pitching for Tennessee Smokies : LHP Ricardo Saucedo
|
|
Pitching: RHP Jose Ramirez
|
|
|
Batting: RHB Chase Briney
|
0-0: Ball 1-0: Ball 2-0: Ball 3-0: Base on Balls
|
|
Batting: RHB Caleb Russell
|
0-0: SINGLE (Groundball, 56D, EV 103.1 MPH) Chase Briney to second
|
|
Batting: SHB Isaiah Scates
|
0-0: Ball 1-0: Foul Ball, location: 2F 1-1: SINGLE (Groundball, 56, EV 102.5 MPH) (infield hit) Chase Briney to third Caleb Russell to second
|
|
Batting: RHB Mike MacLeod
|
0-0: Ball 1-0: Ball 2-0: Ball 3-0: Base on Balls Chase Briney scores Caleb Russell to third Isaiah Scates to second
|
|
Batting: RHB Eric Erickson
|
0-0: Swinging Strike 0-1: DOUBLE (Line Drive, 7LM, EV 111.2 MPH) Caleb Russell scores Isaiah Scates scores Mike MacLeod to third
|
|
Batting: RHB Marcus Dawson
|
0-0: Ball 1-0: Ball 2-0: Ball 3-0: Foul Ball, location: 2F 3-1: Swinging Strike 3-2: Strikes out swinging
|
|
Pitching: RHP Velimir Sljivancanin
|
|
|
Batting: LHB Pat Aviles
|
0-0: Swinging Strike 0-1: Ball 1-1: Ball 2-1: Ball 3-1: Base on Balls
|
|
Batting: RHB Kory Sanchez
|
0-0: Fly out, F8 (Flyball, 8LD, EV 93.1 MPH) Runner from 3rd tags up, SCORES, throw by CF Eric Erickson to third
|
|
Batting: RHB Jesse White
|
0-0: Ball 1-0: Ball 2-0: Called Strike 2-1: Ball 3-1: Base on Balls Pat Aviles to second
|
|
Batting: RHB Chase Briney
|
0-0: Ball 1-0: Ball 2-0: Ball 3-0: Base on Balls Eric Erickson scores Pat Aviles to third Jesse White to second
|
|
Batting: RHB Caleb Russell
|
0-0: Ball 1-0: Ball 2-0: Ball 3-0: Called Strike 3-1: Foul Ball, location: 2F 3-2: Fly out, F7 (Flyball, 7D, EV 98.1 MPH)
|
| Bottom of the 4th over - 5 runs, 3 hits, 0 errors, 3 left on base; Tennessee 1 - San Antonio 11 |
| TOP OF THE 5TH |
|
Tennessee Smokies batting - Pitching for San Antonio Missions : RHP Chris Wood
|
|
Batting: RHB Taylor Garofalo
|
0-0: Called Strike 0-1: Reached on error, E2 (Groundball, 2R, EV 63.8 MPH)
|
|
Batting: RHB Roy Battist
|
0-0: Ball 1-0: Foul Ball, location: 2F 1-1: SINGLE (Groundball, 6M, EV 108.8 MPH) Taylor Garofalo to third
|
|
Batting: RHB Denis Rachin
|
0-0: SINGLE (Groundball, 4M, EV 100.6 MPH) Taylor Garofalo scores Roy Battist to second
|
|
Batting: LHB Nate Greening
|
0-0: Called Strike 0-1: Foul Ball, location: 2F 0-2: Strikes out swinging
|
|
Batting: RHB Du Kim
|
0-0: Foul Ball, location: 2F 0-1: Fly out, F9 (Line Drive, 9, EV 91.2 MPH)
|
|
Batting: LHB Daigo Ishii
|
0-0: SINGLE (Flyball, 34D, EV 96.2 MPH) Roy Battist to third Denis Rachin to second
|
|
Batting: RHB Ricky Ramirez
|
0-0: Foul Ball, location: 2F 0-1: SINGLE (Line Drive, 7S, EV 98.8 MPH) Roy Battist scores Denis Rachin to third Daigo Ishii to second Runner from 3rd tries for Home, SAFE, throw by LF to home
|
|
Batting: RHB Juan Bonilla
|
0-0: Called Strike 0-1: Foul Ball, location: 2F 0-2: Strikes out looking
|
| Top of the 5th over - 3 runs, 4 hits, 1 error, 2 left on base; Tennessee 4 - San Antonio 11 |
| BOTTOM OF THE 5TH |
|
San Antonio Missions batting - Pitching for Tennessee Smokies : RHP Velimir Sljivancanin
|
|
Batting: SHB Isaiah Scates
|
0-0: Ball 1-0: Called Strike 1-1: Called Strike 1-2: Ball 2-2: DOUBLE (Line Drive, 5D, EV 97.5 MPH)
|
|
Batting: RHB Mike MacLeod
|
0-0: Called Strike 0-1: Ball 1-1: Ball 2-1: Ball 3-1: Base on Balls
|
|
Batting: RHB Eric Erickson
|
0-0: Ball 1-0: Called Strike 1-1: Swinging Strike 1-2: Strikes out swinging
|
|
Batting: RHB Marcus Dawson
|
0-0: Ball 1-0: Foul Ball, location: 2F 1-1: Ball 2-1: Swinging Strike 2-2: Ball 3-2: Base on Balls Isaiah Scates to third Mike MacLeod to second
|
|
Batting: LHB Pat Aviles
|
0-0: Ball 1-0: Ball 2-0: Ball 3-0: Base on Balls Isaiah Scates scores Mike MacLeod to third Marcus Dawson to second
|
|
Batting: RHB Kory Sanchez
|
0-0: Called Strike 0-1: Swinging Strike 0-2: Ball 1-2: Foul Ball, location: 2F 1-2: Ball 2-2: SINGLE (Line Drive, 34D, EV 97.5 MPH) Mike MacLeod scores Marcus Dawson to third Pat Aviles to second Runner from 3rd tries for Home, SAFE, throw by RF to home
|
|
Pitching: LHP Emir Jalil
|
|
|
Batting: RHB Jesse White
|
0-0: Foul Ball, location: 2F 0-1: Ball 1-1: Foul Ball, location: 2F 1-2: Ball 2-2: 3-RUN HOME RUN (Flyball, 7D, EV 103.1 MPH), Distance : 417 ft
|
|
Batting: RHB Chase Briney
|
0-0: Called Strike 0-1: Swinging Strike 0-2: Ball 1-2: Ball 2-2: SINGLE (Line Drive, 89S, EV 103.8 MPH)
|
|
Batting: RHB Caleb Russell
|
0-0: Foul Ball, location: 2F 0-1: Foul Ball, location: 2F 0-2: Ball 1-2: Foul Ball, location: 2F 1-2: Strikes out looking
|
|
Batting: SHB Isaiah Scates
|
0-0: Ball 1-0: Ball 2-0: Reached on error, E6 (Groundball, 6, EV 85.0 MPH) Chase Briney to second
|
|
Batting: RHB Mike MacLeod
|
0-0: Ball 1-0: Foul Ball, location: 2F 1-1: Ball 2-1: Called Strike 2-2: Foul Ball, location: 2F 2-2: Ball 3-2: Base on Balls Chase Briney to third Isaiah Scates to second
|
|
Pitching: RHP Alvaro Romero
|
|
|
Batting: RHB Eric Erickson
|
0-0: Called Strike 0-1: Called Strike 0-2: Strikes out swinging
|
| Bottom of the 5th over - 6 runs, 4 hits, 1 error, 3 left on base; Tennessee 4 - San Antonio 17 |
| TOP OF THE 6TH |
|
Tennessee Smokies batting - Pitching for San Antonio Missions : RHP Chris Wood
|
|
Batting: RHB Armando Vilano
|
0-0: Ball 1-0: Called Strike 1-1: Called Strike 1-2: Strikes out swinging
|
|
Batting: RHB Taylor Garofalo
|
0-0: Ball 1-0: Ground out 1-3 (Groundball, 13S, EV 69.4 MPH)
|
|
Batting: RHB Roy Battist
|
0-0: SINGLE (Line Drive, 78S, EV 105.6 MPH)
|
|
Batting: RHB Denis Rachin
|
0-0: Called Strike 0-1: Ball 1-1: Ball 2-1: SINGLE (Line Drive, 89S, EV 106.9 MPH) Roy Battist to second
|
|
Batting: LHB Nate Greening
|
0-0: Ball 1-0: Ball 2-0: Ball 3-0: Called Strike 3-1: Foul Ball, location: 2F 3-2: Fly out, F6 (Popup, 15S, EV 85.6 MPH)
|
| Top of the 6th over - 0 runs, 2 hits, 0 errors, 2 left on base; Tennessee 4 - San Antonio 17 |
| BOTTOM OF THE 6TH |
|
San Antonio Missions batting - Pitching for Tennessee Smokies : RHP Alvaro Romero
|
|
Batting: RHB Marcus Dawson
|
0-0: Foul Ball, location: 2F 0-1: Foul Ball, location: 2F 0-2: Ball 1-2: Foul Ball, location: 2F 1-2: Ball 2-2: Strikes out swinging
|
|
Batting: LHB Pat Aviles
|
0-0: Ball 1-0: Ball 2-0: Called Strike 2-1: Fly out, F8 (Flyball, 8RXD, EV 101.2 MPH)
|
|
Batting: RHB Kory Sanchez
|
0-0: Called Strike 0-1: Foul Ball, location: 2F 0-2: Ball 1-2: Ball 2-2: Ground out 6-3 (Groundball, 6D, EV 108.8 MPH)
|
| Bottom of the 6th over - 0 runs, 0 hits, 0 errors, 0 left on base; Tennessee 4 - San Antonio 17 |
| TOP OF THE 7TH |
|
Tennessee Smokies batting - Pitching for San Antonio Missions : RHP Chris Wood
|
|
Batting: RHB Du Kim
|
0-0: Foul Ball, location: 2F 0-1: Ball 1-1: Foul Ball, location: 2F 1-2: Ball 2-2: Ball 3-2: Strikes out swinging
|
|
Batting: LHB Daigo Ishii
|
0-0: Ball 1-0: Called Strike 1-1: Ball 2-1: Ground out 6-3 (Groundball, 4, EV 84.4 MPH)
|
|
Batting: RHB Ricky Ramirez
|
0-0: Ball 1-0: Foul Ball, location: 2F 1-1: Ground out 5-3 (Groundball, 5S, EV 90.6 MPH)
|
| Top of the 7th over - 0 runs, 0 hits, 0 errors, 0 left on base; Tennessee 4 - San Antonio 17 |
| BOTTOM OF THE 7TH |
|
San Antonio Missions batting - Pitching for Tennessee Smokies : RHP Alvaro Romero
|
|
Pitching: RHP Dylan Burke
|
|
|
Batting: RHB Jesse White
|
0-0: Ball 1-0: Foul Ball, location: 2F 1-1: Called Strike 1-2: Fly out, F8 (Flyball, 78D, EV 97.5 MPH)
|
|
Batting: RHB Chase Briney
|
0-0: Swinging Strike 0-1: SINGLE (Line Drive, 9S, EV 96.2 MPH)
|
|
Batting: RHB Caleb Russell
|
0-0: Ball 1-0: Ball 2-0: SINGLE (Groundball, 6D, EV 99.4 MPH) Chase Briney to second
|
|
Batting: SHB Isaiah Scates
|
0-0: Foul Ball, location: 2F 0-1: Swinging Strike 0-2: TRIPLE (Flyball, 7D, EV 105.0 MPH) Chase Briney scores Caleb Russell scores
|
|
Pinch Hitting: RHB Bryan Pitcher
|
0-0: Swinging Strike 0-1: Ball 1-1: Ball 2-1: Ball 3-1: Foul Ball, location: 2F 3-2: Base on Balls
|
|
Batting: RHB Eric Erickson
|
0-0: 3-RUN HOME RUN (Flyball, 7D, EV 115.0 MPH), Distance : 444 ft
|
|
Batting: RHB Marcus Dawson
|
0-0: Ball 1-0: Swinging Strike 1-1: Ball 2-1: Called Strike 2-2: Ball 3-2: Ground out U3 (Groundball, 34, EV 81.2 MPH)
|
|
Pinch Hitting: RHB Jaden Scott
|
0-0: Ball 1-0: Ball 2-0: Ball 3-0: Called Strike 3-1: Base on Balls
|
|
Batting: RHB Kory Sanchez
|
0-0: Ground out 1-3 (Groundball, 34S, EV 58.1 MPH)
|
| Bottom of the 7th over - 5 runs, 4 hits, 0 errors, 1 left on base; Tennessee 4 - San Antonio 22 |
| TOP OF THE 8TH |
|
Tennessee Smokies batting - Pitching for San Antonio Missions : RHP Chris Wood
|
|
Now at 2B: Jaden Scott
|
|
|
Now at 3B: Jorge Brito
|
|
|
Now in LF: Caleb Russell
|
|
|
Batting: RHB Juan Bonilla
|
0-0: Called Strike 0-1: Ball 1-1: Fly out, F9 (Line Drive, 9LD, EV 93.1 MPH)
|
|
Batting: RHB Armando Vilano
|
0-0: Swinging Strike 0-1: Ball 1-1: Foul Ball, location: 2F 1-2: Ball 2-2: Strikes out swinging
|
|
Batting: RHB Taylor Garofalo
|
0-0: Ground out 1-3 (Groundball, 13S, EV 69.4 MPH)
|
| Top of the 8th over - 0 runs, 0 hits, 0 errors, 0 left on base; Tennessee 4 - San Antonio 22 |
| BOTTOM OF THE 8TH |
|
San Antonio Missions batting - Pitching for Tennessee Smokies : RHP Dylan Burke
|
|
Batting: RHB Jesse White
|
0-0: Ball 1-0: Called Strike 1-1: Called Strike 1-2: Foul Ball, location: 2F 1-2: Foul Ball, location: 2F 1-2: Foul Ball, location: 2F 1-2: Foul Ball, location: 2F 1-2: Ball 2-2: Ball 3-2: Base on Balls
|
|
Batting: RHB Chase Briney
|
0-0: Foul Ball, location: 2F 0-1: Fly out, F8 (Flyball, 89D, EV 99.4 MPH)
|
|
Batting: RHB Caleb Russell
|
0-0: Called Strike 0-1: Foul Ball, location: 2F 0-2: Fielders Choice at 2nd, 4-6 (Groundball, 4M, EV 88.1 MPH)
|
|
Batting: SHB Isaiah Scates
|
0-0: Ball 1-0: Ball 2-0: SINGLE (Groundball, 5S, EV 71.2 MPH) (infield hit) Caleb Russell to second
|
|
Batting: SHB Jorge Brito
|
0-0: Ball 1-0: Ball 2-0: Foul Ball, location: 2F 2-1: Fielders Choice at 2nd, 5-4 (Groundball, 5, EV 88.8 MPH)
|
| Bottom of the 8th over - 0 runs, 1 hit, 0 errors, 2 left on base; Tennessee 4 - San Antonio 22 |
| TOP OF THE 9TH |
|
Tennessee Smokies batting - Pitching for San Antonio Missions : RHP Chris Wood
|
|
Pitching: RHP Mike LaMonica
|
|
|
Batting: RHB Roy Battist
|
0-0: Swinging Strike 0-1: Swinging Strike 0-2: Strikes out swinging
|
|
Batting: RHB Denis Rachin
|
0-0: Ball 1-0: Called Strike 1-1: Ground out U3 (Groundball, 3S, EV 75.6 MPH)
|
|
Batting: LHB Nate Greening
|
0-0: Ball 1-0: Foul Ball, location: 2F 1-1: Ball 2-1: SINGLE (Groundball, 4D, EV 110.6 MPH)
|
|
Batting: RHB Du Kim
|
0-0: Ball 1-0: Ball 2-0: Foul Ball, location: 2F 2-1: Ball 3-1: Called Strike 3-2: Foul Ball, location: 2F 3-2: Base on Balls Nate Greening to second
|
|
Batting: LHB Daigo Ishii
|
0-0: Ball 1-0: Swinging Strike 1-1: Foul Ball, location: 2F 1-2: Foul Ball, location: 2F 1-2: Ball 2-2: Ball 3-2: Strikes out swinging
|
| Top of the 9th over - 0 runs, 1 hit, 0 errors, 2 left on base; Tennessee 4 - San Antonio 22 |
|